| TOP OF THE 1ST |
|
Brockton Rox batting - Pitching for Windy City ThunderBolts : LHP Juan Fuentes
|
|
Pitching: LHP Juan Fuentes
|
|
|
Batting: RHB Jim Hubbard
|
0-0: Ground out 5-3 (Groundball, 15, EV 86.3 MPH)
|
|
Batting: RHB Mike Griffin
|
0-0: Ball 1-0: Called Strike 1-1: SOLO HOME RUN (Flyball, 7LD, EV 93.1 MPH), Distance : 332 ft
|
|
Batting: RHB Alex Melendez
|
0-0: Ball 1-0: Ball 2-0: Called Strike 2-1: Foul Ball, location: 2F 2-2: Foul Ball, location: 2F 2-2: Strikes out swinging
|
|
Batting: LHB Carlos Guerra
|
0-0: Called Strike 0-1: Ball 1-1: Called Strike 1-2: Strikes out swinging
|
| Top of the 1st over - 1 run, 1 hit, 0 errors, 0 left on base; Brockton 1 - Windy City 0 |
| BOTTOM OF THE 1ST |
|
Windy City ThunderBolts batting - Pitching for Brockton Rox : RHP Ryuhei Shimabukuro
|
|
Pitching: RHP Ryuhei Shimabukuro
|
|
|
Batting: LHB Adam Tarbutton
|
0-0: Called Strike 0-1: Swinging Strike 0-2: Ball 1-2: Ball 2-2: Strikes out swinging
|
|
Batting: LHB Matt Hyde
|
0-0: Swinging Strike 0-1: Ball 1-1: Ball 2-1: Foul Ball, location: 2F 2-2: Foul Ball, location: 2F 2-2: Foul Ball, location: 2F 2-2: DOUBLE (Line Drive, 3D, EV 105.6 MPH)
|
|
Batting: LHB Larry Myers
|
0-0: Ball 1-0: Called Strike 1-1: Ball 2-1: Foul Ball, location: 2F 2-2: Foul Ball, location: 2F 2-2: Ball 3-2: Foul Ball, location: 2F 3-2: Foul Ball, location: 2F 3-2: Fly out, F4 (Flyball, 4D, EV 75.6 MPH)
|
|
Batting: RHB Josiah Wright
|
0-0: Fly out, F8 (Flyball, 78D, EV 101.9 MPH)
|
| Bottom of the 1st over - 0 runs, 1 hit, 0 errors, 1 left on base; Brockton 1 - Windy City 0 |
| TOP OF THE 2ND |
|
Brockton Rox batting - Pitching for Windy City ThunderBolts : LHP Juan Fuentes
|
|
Batting: LHB Miguel Maymi
|
0-0: Swinging Strike 0-1: Called Strike 0-2: Ball 1-2: Ball 2-2: Strikes out swinging
|
|
Batting: LHB John Buff
|
0-0: Ball 1-0: Fly out, F3 (Line Drive, 4, EV 67.5 MPH)
|
|
Batting: LHB Aaron Brannon
|
0-0: Ball 1-0: SINGLE (Line Drive, 6D, EV 108.1 MPH)
|
|
Batting: RHB Scott Hawkins
|
0-0: Ball 1-0: Foul Ball, location: 2F 1-1: Ball 2-1: Called Strike 2-2: Strikes out swinging
|
| Top of the 2nd over - 0 runs, 1 hit, 0 errors, 1 left on base; Brockton 1 - Windy City 0 |
| BOTTOM OF THE 2ND |
|
Windy City ThunderBolts batting - Pitching for Brockton Rox : RHP Ryuhei Shimabukuro
|
|
Batting: LHB Evan Oliveri
|
0-0: Called Strike 0-1: Ball 1-1: Ball 2-1: Called Strike 2-2: Strikes out swinging
|
|
Batting: RHB Mike Rosa
|
0-0: Fly out, F8 (Flyball, 8RS, EV 90.0 MPH)
|
|
Batting: LHB Eddie Reyes
|
0-0: Ball 1-0: Foul Ball, location: 2F 1-1: Foul Ball, location: 2F 1-2: Foul Ball, location: 2F 1-2: Strikes out swinging
|
| Bottom of the 2nd over - 0 runs, 0 hits, 0 errors, 0 left on base; Brockton 1 - Windy City 0 |
| TOP OF THE 3RD |
|
Brockton Rox batting - Pitching for Windy City ThunderBolts : LHP Juan Fuentes
|
|
Batting: LHB Mike Hutcheson
|
0-0: Foul Ball, location: 2F 0-1: Ball 1-1: SINGLE (Line Drive, 6D, EV 100.6 MPH)
|
|
Batting: RHB Jim Hubbard
|
0-0: Called Strike 0-1: Foul Ball, location: 2F 0-2: Foul Ball, location: 2F 0-2: Foul Ball, location: 2F 0-2: Foul Ball, location: 2F 0-2: Ball 1-2: Grounds into double play, 6-4-3 (Groundball, 6, EV 85.0 MPH)
|
|
Batting: RHB Mike Griffin
|
0-0: Ball 1-0: Foul Ball, location: 2F 1-1: Foul Ball, location: 2F 1-2: Ball 2-2: Foul Ball, location: 2F 2-2: Strikes out swinging
|
| Top of the 3rd over - 0 runs, 1 hit, 0 errors, 0 left on base; Brockton 1 - Windy City 0 |
| BOTTOM OF THE 3RD |
|
Windy City ThunderBolts batting - Pitching for Brockton Rox : RHP Ryuhei Shimabukuro
|
|
Batting: RHB Mario Gomez
|
0-0: Ball 1-0: Called Strike 1-1: Foul Ball, location: 2F 1-2: Ball 2-2: Foul Ball, location: 2F 2-2: Foul Ball, location: 2F 2-2: Ground out 4-3 (Groundball, 4, EV 84.4 MPH)
|
|
Batting: SHB Alfie Bungledorf
|
0-0: Ball 1-0: Ball 2-0: Called Strike 2-1: Swinging Strike 2-2: Ball 3-2: SINGLE (Line Drive, 9S, EV 88.8 MPH)
|
|
Batting: LHB Adam Tarbutton
|
0-0: Ball 1-0: Called Strike 1-1: Ball 2-1: Fly out, F7 (Line Drive, 7, EV 91.3 MPH)
|
|
Batting: LHB Matt Hyde
|
0-0: Ball 1-0: Called Strike 1-1: Ball Alfie Bungledorf steals 2nd base 2-1: SINGLE (Groundball, 4M, EV 87.5 MPH) (infield hit) Alfie Bungledorf to third
|
|
Batting: LHB Larry Myers
|
0-0: Ball 1-0: SINGLE (Line Drive, 9S, EV 90.6 MPH) Alfie Bungledorf scores Matt Hyde to second Runner from 2nd tries for 3rd, SAFE, throw by RF made to third
|
|
Batting: RHB Josiah Wright
|
0-0: Ball 1-0: Ball 2-0: Ball 3-0: Base on Balls Larry Myers to second
|
|
Batting: LHB Evan Oliveri
|
0-0: Fly out, F7 (Flyball, 78M, EV 86.9 MPH)
|
| Bottom of the 3rd over - 1 run, 3 hits, 0 errors, 3 left on base; Brockton 1 - Windy City 1 |
| TOP OF THE 4TH |
|
Brockton Rox batting - Pitching for Windy City ThunderBolts : LHP Juan Fuentes
|
|
Batting: RHB Alex Melendez
|
0-0: Ball 1-0: Foul Ball, location: 2F 1-1: Ball 2-1: Ground out 3-1 (Groundball, 34, EV 98.1 MPH)
|
|
Batting: LHB Carlos Guerra
|
0-0: Called Strike 0-1: Ball 1-1: Foul Ball, location: 2F 1-2: Ground out 6-3 (Groundball, 6, EV 89.4 MPH)
|
|
Batting: LHB Miguel Maymi
|
0-0: Ground out 6-3 (Groundball, 6, EV 105.6 MPH)
|
| Top of the 4th over - 0 runs, 0 hits, 0 errors, 0 left on base; Brockton 1 - Windy City 1 |
| BOTTOM OF THE 4TH |
|
Windy City ThunderBolts batting - Pitching for Brockton Rox : RHP Ryuhei Shimabukuro
|
|
Batting: RHB Mike Rosa
|
0-0: Ball 1-0: Swinging Strike 1-1: Fly out, F7 (Flyball, 78S, EV 92.5 MPH)
|
|
Batting: LHB Eddie Reyes
|
0-0: Ground out 5-3 (Groundball, 56S, EV 88.8 MPH)
|
|
Batting: RHB Mario Gomez
|
0-0: Ball 1-0: Swinging Strike 1-1: Foul Ball, location: 2F 1-2: Strikes out swinging
|
| Bottom of the 4th over - 0 runs, 0 hits, 0 errors, 0 left on base; Brockton 1 - Windy City 1 |
| TOP OF THE 5TH |
|
Brockton Rox batting - Pitching for Windy City ThunderBolts : LHP Juan Fuentes
|
|
Batting: LHB John Buff
|
0-0: Ball 1-0: Ball 2-0: Ball 3-0: Called Strike 3-1: Ground out 6-3 (Groundball, 6S, EV 66.9 MPH)
|
|
Batting: LHB Aaron Brannon
|
0-0: Swinging Strike 0-1: Foul Ball, location: 2F 0-2: Ball 1-2: Strikes out swinging
|
|
Batting: RHB Scott Hawkins
|
0-0: Ground out U3 (Groundball, 34, EV 106.3 MPH)
|
| Top of the 5th over - 0 runs, 0 hits, 0 errors, 0 left on base; Brockton 1 - Windy City 1 |
| BOTTOM OF THE 5TH |
|
Windy City ThunderBolts batting - Pitching for Brockton Rox : RHP Ryuhei Shimabukuro
|
|
Batting: SHB Alfie Bungledorf
|
0-0: Fly out, F9 (Flyball, 89S, EV 93.1 MPH)
|
|
Batting: LHB Adam Tarbutton
|
0-0: Called Strike 0-1: Ball 1-1: Swinging Strike 1-2: Ball 2-2: Ball 3-2: Fly out, F6 (Flyball, 6D, EV 80.6 MPH)
|
|
Batting: LHB Matt Hyde
|
0-0: Ball 1-0: Ball 2-0: Called Strike 2-1: Swinging Strike 2-2: Foul Ball, location: 2F 2-2: Ball 3-2: Foul Ball, location: 2F 3-2: SINGLE (Line Drive, 34, EV 97.5 MPH)
|
|
Pitching: RHP Danny Marquez
|
|
|
Batting: LHB Larry Myers
|
0-0: Ball 1-0: Ball 2-0: Swinging Strike 2-1: Fly out, F8 (Flyball, 78M, EV 87.5 MPH)
|
| Bottom of the 5th over - 0 runs, 1 hit, 0 errors, 1 left on base; Brockton 1 - Windy City 1 |
| TOP OF THE 6TH |
|
Brockton Rox batting - Pitching for Windy City ThunderBolts : LHP Juan Fuentes
|
|
Batting: LHB Mike Hutcheson
|
0-0: Ball 1-0: Ground out 4-3 (Groundball, 4, EV 85.6 MPH)
|
|
Batting: RHB Jim Hubbard
|
0-0: Ball 1-0: Ball 2-0: Called Strike 2-1: TRIPLE (Flyball, 89XD, EV 105.0 MPH)
|
|
Batting: RHB Mike Griffin
|
0-0: Ball 1-0: Called Strike 1-1: Foul Ball, location: 2F 1-2: Ball 2-2: Foul Ball, location: 2F 2-2: Strikes out swinging
|
|
Batting: RHB Alex Melendez
|
0-0: Called Strike 0-1: Foul Ball, location: 2F 0-2: Ball 1-2: Ground out 5-3 (Groundball, 56, EV 88.8 MPH)
|
| Top of the 6th over - 0 runs, 1 hit, 0 errors, 1 left on base; Brockton 1 - Windy City 1 |
| BOTTOM OF THE 6TH |
|
Windy City ThunderBolts batting - Pitching for Brockton Rox : RHP Danny Marquez
|
|
Pinch Hitting: LHB Herkko Haavikko
|
0-0: Called Strike 0-1: Ball 1-1: Ball 2-1: Swinging Strike 2-2: Ball 3-2: SOLO HOME RUN (Flyball, 9D, EV 95.0 MPH), Distance : 371 ft
|
|
Batting: LHB Evan Oliveri
|
0-0: Ball 1-0: Called Strike 1-1: Foul Ball, location: 2F 1-2: Strikes out looking
|
|
Batting: RHB Mike Rosa
|
0-0: Ball 1-0: Called Strike 1-1: DOUBLE (Flyball, 78D, EV 102.5 MPH)
|
|
Batting: LHB Eddie Reyes
|
0-0: Ball 1-0: Ball 2-0: Called Strike 2-1: Called Strike 2-2: Ball 3-2: Base on Balls
|
|
Batting: RHB Mario Gomez
|
0-0: Ball 1-0: Ball 2-0: Called Strike 2-1: Foul Ball, location: 2F 2-2: Strikes out looking
|
|
Batting: SHB Alfie Bungledorf
|
Balk! Mike Rosa to third Eddie Reyes to second 0-0: Ball 1-0: Ball 2-0: Ball 3-0: Called Strike 3-1: Foul Ball, location: 2F Balk! Mike Rosa scores Eddie Reyes to third 3-2: Foul Ball, location: 2F 3-2: Base on Balls
|
|
Pitching: LHP Chris Deans
|
|
|
Batting: LHB Adam Tarbutton
|
0-0: Called Strike 0-1: Fly out, F8 (Flyball, 8LXD, EV 85.6 MPH)
|
| Bottom of the 6th over - 2 runs, 2 hits, 0 errors, 2 left on base; Brockton 1 - Windy City 3 |
| TOP OF THE 7TH |
|
Brockton Rox batting - Pitching for Windy City ThunderBolts : LHP Juan Fuentes
|
|
Now at 2B: David Rhodes
|
|
|
Batting: LHB Carlos Guerra
|
0-0: Foul Ball, location: 2F 0-1: Swinging Strike 0-2: Ball 1-2: Ball 2-2: Ball 3-2: Base on Balls
|
|
Pinch Hitting: RHB Travis Campbell
|
0-0: Called Strike 0-1: Foul Ball, location: 2F 0-2: Foul Ball, location: 2F 0-2: Fielders Choice at 2nd, 6-4 (Groundball, 6, EV 84.4 MPH)
|
|
Batting: LHB John Buff
|
0-0: Ball 1-0: Foul Ball, location: 2F 1-1: SINGLE (Line Drive, 8RM, EV 92.5 MPH) Travis Campbell to second
|
|
Pinch Hitting: RHB Ted Emmerich
|
0-0: Ball 1-0: Ball 2-0: Ball 3-0: Called Strike 3-1: Fielders Choice at 2nd, 6-4 (Groundball, 6S, EV 78.1 MPH) Travis Campbell to third
|
|
Batting: RHB Scott Hawkins
|
0-0: Called Strike 0-1: Swinging Strike 0-2: Ball 1-2: Ball 2-2: Reached on error, E6 (Popup, 6MD, EV 66.9 MPH) Travis Campbell scores Ted Emmerich to second
|
|
Batting: LHB Mike Hutcheson
|
0-0: Foul Ball, location: 2F 0-1: Ball 1-1: Ball Wild Pitch! Ted Emmerich to third Scott Hawkins to second 2-1: Foul Ball, location: 2F 2-2: SINGLE (Flyball, 89M, EV 95.0 MPH) Ted Emmerich scores Scott Hawkins to third Runner from 3rd tries for Home, SAFE, throw by CF to home
|
|
Pitching: RHP Maury Compson
|
|
|
Batting: RHB Jim Hubbard
|
0-0: Ball 1-0: Foul Ball, location: 2F 1-1: Swinging Strike 1-2: Reached on error, E5 (Groundball, 56, EV 76.9 MPH) Mike Hutcheson to second
|
|
Batting: RHB Mike Griffin
|
0-0: Ball 1-0: Ball 2-0: Ball 3-0: Called Strike 3-1: Base on Balls Mike Hutcheson to third Jim Hubbard to second
|
|
Batting: RHB Alex Melendez
|
0-0: Fly out, F9 (Flyball, 9LM, EV 93.1 MPH)
|
| Top of the 7th over - 3 runs, 2 hits, 2 errors, 3 left on base; Brockton 4 - Windy City 3 |
| BOTTOM OF THE 7TH |
|
Windy City ThunderBolts batting - Pitching for Brockton Rox : LHP Chris Deans
|
|
Now at 1B: Danny Montoya
|
|
|
Now at 3B: Mike Griffin
|
|
|
Now at SS: Ted Emmerich
|
|
|
Batting: LHB Matt Hyde
|
0-0: Ball 1-0: Foul Ball, location: 2F 1-1: Foul Ball, location: 2F 1-2: Foul Ball, location: 2F 1-2: Ground out 3-1 (Groundball, 34, EV 102.5 MPH)
|
|
Pinch Hitting: SHB Ethan Villalobos
|
0-0: Ball 1-0: Called Strike 1-1: Ball 2-1: Ball 3-1: Foul Ball, location: 2F 3-2: Foul Ball, location: 2F 3-2: Base on Balls
|
|
Batting: RHB David Rhodes
|
0-0: Foul Ball, location: 2F 0-1: Called Strike 0-2: Hit by Pitch Ethan Villalobos to second
|
|
Batting: LHB Evan Oliveri
|
0-0: Ball 1-0: Fly out, F9 (Flyball, 9D, EV 110.6 MPH) Runner from 2nd tags up, SAFE at 3rd with throw by RF
|
|
Batting: RHB Mike Rosa
|
0-0: Ball 1-0: Ball 2-0: Called Strike 2-1: SINGLE (Groundball, 6MD, EV 98.1 MPH) Ethan Villalobos scores David Rhodes to second Runner from 2nd tries for 3rd, SAFE, throw by CF made to third
|
|
Pinch Hitting: RHB Adan Lake
|
0-0: Swinging Strike 0-1: Ball 1-1: Fly out, F5 (Popup, 5, EV 57.5 MPH)
|
| Bottom of the 7th over - 1 run, 1 hit, 0 errors, 2 left on base; Brockton 4 - Windy City 4 |
| TOP OF THE 8TH |
|
Brockton Rox batting - Pitching for Windy City ThunderBolts : RHP Maury Compson
|
|
Now in LF: Jay Harrison
|
|
|
Now in RF: Armando Vazquez
|
|
|
Batting: LHB Carlos Guerra
|
0-0: Foul Ball, location: 2F 0-1: Swinging Strike 0-2: Ball 1-2: Foul Ball, location: 2F 1-2: Strikes out swinging
|
|
Batting: LHB Danny Montoya
|
0-0: Foul Ball, location: 2F 0-1: Ball 1-1: Swinging Strike 1-2: Strikes out looking
|
|
Batting: LHB John Buff
|
0-0: Called Strike 0-1: Swinging Strike 0-2: Foul Ball, location: 2F 0-2: Foul Ball, location: 2F 0-2: SINGLE (Groundball, 4M, EV 102.5 MPH) (infield hit)
|
|
Batting: RHB Ted Emmerich
|
0-0: Ball 1-0: Called Strike 1-1: Swinging Strike 1-2: Ball 2-2: Ground out 4-3 (Groundball, 4S, EV 78.1 MPH)
|
| Top of the 8th over - 0 runs, 1 hit, 0 errors, 1 left on base; Brockton 4 - Windy City 4 |
| BOTTOM OF THE 8TH |
|
Windy City ThunderBolts batting - Pitching for Brockton Rox : LHP Chris Deans
|
|
Pitching: RHP Joseph Anderson
|
|
|
Batting: RHB Mario Gomez
|
0-0: Called Strike 0-1: Ball 1-1: Foul Ball, location: 2F 1-2: Strikes out swinging
|
|
Batting: SHB Alfie Bungledorf
|
0-0: Called Strike 0-1: Ball 1-1: Swinging Strike 1-2: Ground out U3 (Groundball, 3L, EV 87.5 MPH)
|
|
Batting: LHB Adam Tarbutton
|
0-0: Ball 1-0: SINGLE (Groundball, 6S, EV 73.8 MPH) (infield hit)
|
|
Batting: LHB Matt Hyde
|
0-0: Ball Adam Tarbutton is caught stealing 2nd base 2-6
|
| Bottom of the 8th over - 0 runs, 1 hit, 0 errors, 0 left on base; Brockton 4 - Windy City 4 |
| TOP OF THE 9TH |
|
Brockton Rox batting - Pitching for Windy City ThunderBolts : RHP Maury Compson
|
|
Pitching: LHP Silas Chartier
|
|
|
Batting: RHB Scott Hawkins
|
0-0: Swinging Strike 0-1: Called Strike 0-2: Ball 1-2: Foul Ball, location: 2F 1-2: Foul Ball, location: 2F 1-2: Foul Ball, location: 2F 1-2: Strikes out swinging
|
|
Batting: LHB Mike Hutcheson
|
0-0: Called Strike 0-1: Foul Ball, location: 2F 0-2: Strikes out swinging
|
|
Batting: RHB Jim Hubbard
|
0-0: Called Strike 0-1: Called Strike 0-2: Ball 1-2: Ball 2-2: Ball 3-2: Strikes out swinging
|
| Top of the 9th over - 0 runs, 0 hits, 0 errors, 0 left on base; Brockton 4 - Windy City 4 |
| BOTTOM OF THE 9TH |
|
Windy City ThunderBolts batting - Pitching for Brockton Rox : RHP Joseph Anderson
|
|
Pitching: LHP Anton Lara
|
|
|
Batting: LHB Matt Hyde
|
0-0: Ball 1-0: Foul Ball, location: 2F 1-1: Ball 2-1: Ball 3-1: Called Strike 3-2: SINGLE (Line Drive, 6M, EV 93.8 MPH)
|
|
Batting: RHB Armando Vazquez
|
0-0: Grounds into double play, 6-4-3 (Groundball, 6, EV 81.3 MPH)
|
|
Batting: RHB David Rhodes
|
0-0: Called Strike 0-1: Ball 1-1: Ground out 6-3 (Groundball, 6, EV 104.4 MPH)
|
| Bottom of the 9th over - 0 runs, 1 hit, 0 errors, 0 left on base; Brockton 4 - Windy City 4 |
| TOP OF THE 10TH |
|
Brockton Rox batting - Pitching for Windy City ThunderBolts : LHP Silas Chartier
|
|
Batting: RHB Mike Griffin
|
0-0: Ball 1-0: Swinging Strike 1-1: Called Strike 1-2: Fly out, F5 (Line Drive, 5, EV 77.5 MPH)
|
|
Batting: RHB Alex Melendez
|
0-0: Called Strike 0-1: Swinging Strike 0-2: Foul Ball, location: 2F 0-2: Ball 1-2: Strikes out swinging
|
|
Batting: LHB Carlos Guerra
|
0-0: Called Strike 0-1: Called Strike 0-2: Strikes out swinging
|
| Top of the 10th over - 0 runs, 0 hits, 0 errors, 0 left on base; Brockton 4 - Windy City 4 |
| BOTTOM OF THE 10TH |
|
Windy City ThunderBolts batting - Pitching for Brockton Rox : LHP Anton Lara
|
|
Batting: LHB Evan Oliveri
|
0-0: Ball 1-0: SINGLE (Groundball, 34D, EV 102.5 MPH)
|
|
Batting: RHB Mike Rosa
|
0-0: Bunted foul 0-1: Ball 1-1: Sac Bunt to 3S - play at second, runner OUT! 3-6
|
|
Batting: RHB Jay Harrison
|
0-0: Swinging Strike 0-1: Fly out, F8 (Line Drive, 8LM, EV 86.9 MPH)
|
|
Batting: RHB Mario Gomez
|
0-0: Ball 1-0: Ball 2-0: Called Strike 2-1: SINGLE (Line Drive, 4D, EV 103.8 MPH) Mike Rosa to second
|
|
Batting: LHB Justin Stickney
|
0-0: Foul Ball, location: 2F 0-1: Ball 1-1: Foul Ball, location: 2F 1-2: Strikes out looking
|
| Bottom of the 10th over - 0 runs, 2 hits, 0 errors, 2 left on base; Brockton 4 - Windy City 4 |
| TOP OF THE 11TH |
|
Brockton Rox batting - Pitching for Windy City ThunderBolts : LHP Silas Chartier
|
|
Pitching: RHP Craig Potter
|
|
|
Batting: LHB Danny Montoya
|
0-0: Ball 1-0: SINGLE (Groundball, 4M, EV 103.1 MPH)
|
|
Batting: LHB John Buff
|
0-0: Ball 1-0: Bunt missed! 1-1: Bunted foul 1-2: Strikes out swinging
|
|
Batting: RHB Ted Emmerich
|
0-0: Ball 1-0: SINGLE (Flyball, 78S, EV 96.3 MPH) Danny Montoya to second
|
|
Batting: RHB Scott Hawkins
|
0-0: Called Strike 0-1: Fielders Choice at 2nd, 1-4 (Groundball, 15, EV 75.6 MPH) Danny Montoya to third
|
|
Batting: LHB Mike Hutcheson
|
0-0: Foul Ball, location: 2F 0-1: Ball 1-1: Called Strike 1-2: Ball 2-2: SINGLE (Line Drive, 6D, EV 98.1 MPH) Danny Montoya scores Scott Hawkins to second
|
|
Batting: RHB Jim Hubbard
|
0-0: Called Strike 0-1: Foul Ball, location: 2F 0-2: Ball 1-2: Ball 2-2: Strikes out swinging
|
| Top of the 11th over - 1 run, 3 hits, 0 errors, 2 left on base; Brockton 5 - Windy City 4 |
| BOTTOM OF THE 11TH |
|
Windy City ThunderBolts batting - Pitching for Brockton Rox : LHP Anton Lara
|
|
Batting: LHB Adam Tarbutton
|
0-0: Foul Ball, location: 2F 0-1: Ball 1-1: Foul Ball, location: 2F 1-2: Strikes out swinging wild pitch, reaches first!
|
|
Batting: LHB Matt Hyde
|
0-0: Called Strike 0-1: Ball 1-1: SINGLE (Line Drive, 89M, EV 94.4 MPH) Adam Tarbutton to second Runner from 2nd tries for 3rd, SAFE, throw by RF made to third Matt Hyde to second
|
|
Batting: RHB Armando Vazquez
|
0-0: Called Strike 0-1: Swinging Strike 0-2: Foul Ball, location: 2F 0-2: Ball 1-2: Ball 2-2: Ball 3-2: Ground out 6-3 (Groundball, 6, EV 89.4 MPH) Adam Tarbutton scores
|
|
Pitching: RHP Josiah Russell
|
|
|
Batting: RHB David Rhodes
|
0-0: Ball 1-0: Swinging Strike 1-1: Swinging Strike 1-2: Ball 2-2: Ball Wild Pitch! Matt Hyde to third 3-2: Foul Ball, location: 2F 3-2: Strikes out looking
|
|
Batting: LHB Evan Oliveri
|
0-0: Ball 1-0: Called Strike 1-1: Called Strike 1-2: Ball 2-2: Foul Ball, location: 2F 2-2: Ball 3-2: Strikes out looking
|
| Bottom of the 11th over - 1 run, 1 hit, 0 errors, 1 left on base; Brockton 5 - Windy City 5 |
| TOP OF THE 12TH |
|
Brockton Rox batting - Pitching for Windy City ThunderBolts : RHP Craig Potter
|
|
Pitching: RHP Caleb Westbay
|
|
|
Batting: RHB Mike Griffin
|
0-0: Ball 1-0: Ball 2-0: Foul Ball, location: 2F 2-1: Fly out, F9 (Flyball, 89S, EV 93.1 MPH)
|
|
Batting: RHB Alex Melendez
|
0-0: Ball 1-0: Ball 2-0: Foul Ball, location: 2F 2-1: SINGLE (Groundball, 56D, EV 94.4 MPH)
|
|
Batting: LHB Carlos Guerra
|
0-0: Foul Ball, location: 2F 0-1: SINGLE (Groundball, 34S, EV 64.4 MPH) (infield hit) Alex Melendez to second
|
|
Batting: LHB Danny Montoya
|
0-0: Ball 1-0: Ball 2-0: Foul Ball, location: 2F 2-1: Ball 3-1: Foul Ball, location: 2F 3-2: Base on Balls Alex Melendez to third Carlos Guerra to second
|
|
Batting: LHB John Buff
|
0-0: Called Strike 0-1: Ball 1-1: Swinging Strike 1-2: Foul Ball, location: 2F 1-2: Strikes out swinging
|
|
Batting: RHB Ted Emmerich
|
0-0: Ball 1-0: Ball 2-0: Ball 3-0: Base on Balls Alex Melendez scores Carlos Guerra to third Danny Montoya to second
|
|
Pitching: RHP Alec Guglielmo
|
|
|
Batting: RHB Scott Hawkins
|
0-0: Called Strike 0-1: Ball 1-1: Fielders Choice at 2nd, 5-4 (Groundball, 5, EV 86.3 MPH)
|
| Top of the 12th over - 1 run, 2 hits, 0 errors, 3 left on base; Brockton 6 - Windy City 5 |
| BOTTOM OF THE 12TH |
|
Windy City ThunderBolts batting - Pitching for Brockton Rox : RHP Josiah Russell
|
|
Batting: RHB Mike Rosa
|
0-0: Ball 1-0: Ball 2-0: Ball 3-0: Called Strike 3-1: Swinging Strike 3-2: Base on Balls
|
|
Batting: RHB Jay Harrison
|
0-0: Foul Ball, location: 2F 0-1: Ball 1-1: Ball 2-1: Swinging Strike 2-2: Ball 3-2: Strikes out swinging
|
|
Batting: RHB Mario Gomez
|
0-0: Called Strike 0-1: Grounds into double play, 6-4-3 (Groundball, 6M, EV 87.5 MPH)
|
| Bottom of the 12th over - 0 runs, 0 hits, 0 errors, 0 left on base; Brockton 6 - Windy City 5 |
|